AoeStats
← randomciv

MegaRandom

504388165Analyzed
1v1 RM · 27d ago on Sep 5, 2026· 35m 38s· 2 players
Game mode
Random Map
Map size
Tiny (2 player)
Population
200
Speed
Normal
Resources
Standard
Victory
Conquest
Starting age
Dark Age
Ending age
Imperial Age
RankedLock teamsTeams togetherTeam positionsShared explorationLock speedFull tech treeHidden civsTurbo modeCheats
Victory
Defeat
🇦🇷 Poles · Argentina
1895
+18
🇦🇷 Dravidians · Argentina
1928
-18
_Platense
4:04 Loom
11:00 Feudal Age
11:27 Double-Bit Axe
12:48 Horse Collar
18:46 Bloodlines
20:46 Scale Barding Armor
21:23 Forging
26:02 Castle Age
26:05 Light Cavalry
26:52 Husbandry
28:14 Iron Casting
28:07 Scale Mail Armor
28:29 Gold Mining
29:30 Bow Saw
30:08 Chain Mail Armor
30:56 Heavy Plow
31:58 Wheelbarrow
32:01 Arson
randomciv
5:58 Loom
11:17 Feudal Age
12:06 Double-Bit Axe
12:17 Man-at-Arms
13:02 Horse Collar
17:30 Fletching
20:35 Forging
24:45 Castle Age
23:00 Scale Mail Armor
23:38 Gold Mining
26:16 Bow Saw
26:07 Heavy Plow
26:08 Pikeman
26:48 Squires
28:58 Chain Mail Armor
31:40 Wheelbarrow
33:29 Stone Mining
34:24 Fletching
35:09 Bodkin Arrow
Connection lost

Rejoining the realm…

Still unreachable

The connection could not be restored.

Session expired

The server has moved on; the page needs a fresh start.